| TOP OF THE 1ST |
|
Hartford Yard Goats batting - Pitching for Great Lakes Loons : RHP Oscar Andrade
|
|
Pitching: RHP Oscar Andrade
|
|
|
Batting: RHB Dwane Reed
|
0-0: Ball 1-0: Called Strike 1-1: Ground out 6-3 (Groundball, 6, EV 90.0 MPH)
|
|
Batting: RHB Chris Osting
|
0-0: Ball 1-0: Reached on error, E6 (Groundball, 6, EV 106.2 MPH)
|
|
Batting: RHB Andy Rayer
|
0-0: Called Strike Chris Osting is caught stealing 2nd base 2-4 0-1: Swinging Strike 0-2: Strikes out swinging
|
| Top of the 1st over - 0 runs, 0 hits, 1 error, 0 left on base; Hartford 0 - Great Lakes 0 |
| BOTTOM OF THE 1ST |
|
Great Lakes Loons batting - Pitching for Hartford Yard Goats : RHP Chu-ho Yi
|
|
Pitching: RHP Chu-ho Yi
|
|
|
Batting: RHB Pablo Lopez
|
0-0: Called Strike 0-1: SINGLE (Groundball, 6MD, EV 100.6 MPH)
|
|
Batting: SHB Josh Vaill
|
0-0: Called Strike Pablo Lopez steals 2nd base 0-1: SINGLE (Groundball, 34D, EV 104.4 MPH) Pablo Lopez to third
|
|
Batting: RHB Eddie Perry
|
0-0: Ball 1-0: Fly out, F4 (Popup, 4MD, EV 65.6 MPH)
|
|
Batting: RHB Alex Melgoza
|
0-0: Called Strike 0-1: Ball 1-1: Ball 2-1: Foul Ball, location: 2F 2-2: Foul Ball, location: 2F 2-2: Ball 3-2: Base on Balls Josh Vaill to second
|
|
Batting: RHB Aaron Joseph
|
0-0: Ball 1-0: SINGLE (Groundball, 6MD, EV 102.5 MPH) Pablo Lopez scores Josh Vaill to third Alex Melgoza to second
|
|
Batting: RHB Mike Kaczor
|
0-0: Fly out, F8 (Flyball, 8RM, EV 91.2 MPH)
|
|
Batting: SHB Hank Arias
|
0-0: Fly out, F9 (Flyball, 89D, EV 99.4 MPH)
|
| Bottom of the 1st over - 1 run, 3 hits, 0 errors, 3 left on base; Hartford 0 - Great Lakes 1 |
| TOP OF THE 2ND |
|
Hartford Yard Goats batting - Pitching for Great Lakes Loons : RHP Oscar Andrade
|
|
Batting: SHB Ken Griffey IV
|
0-0: Ball 1-0: Foul Ball, location: 2F 1-1: Ball 2-1: Ball 3-1: Foul Ball, location: 2F 3-2: Strikes out swinging
|
|
Batting: RHB John Stevenson
|
0-0: Ball 1-0: Ball 2-0: Ball 3-0: Called Strike 3-1: Called Strike 3-2: Foul Ball, location: 2F 3-2: Base on Balls
|
|
Batting: LHB Harry Folsom
|
0-0: Swinging Strike 0-1: Foul Ball, location: 2F 0-2: Ball 1-2: Ball 2-2: Strikes out swinging
|
|
Batting: SHB Brad Madden
|
0-0: Called Strike John Stevenson steals 2nd base 0-1: Ball 1-1: DOUBLE (Groundball, 3L, EV 105.0 MPH) John Stevenson scores
|
|
Batting: RHB Bryce Hickman
|
0-0: Called Strike 0-1: Swinging Strike 0-2: Strikes out swinging
|
| Top of the 2nd over - 1 run, 1 hit, 0 errors, 1 left on base; Hartford 1 - Great Lakes 1 |
| BOTTOM OF THE 2ND |
|
Great Lakes Loons batting - Pitching for Hartford Yard Goats : RHP Chu-ho Yi
|
|
Batting: LHB Ramon Vega
|
0-0: Ball 1-0: Called Strike 1-1: Ball 2-1: Ball 3-1: Base on Balls
|
|
Batting: RHB Ingidayehu Lagat
|
0-0: Ball Ramon Vega steals 2nd base (no throw) 1-0: Foul Ball, location: 2F 1-1: Ball 2-1: Ball 3-1: Swinging Strike 3-2: Base on Balls
|
|
Batting: RHB Pablo Lopez
|
0-0: Called Strike 0-1: Called Strike 0-2: Foul Ball, location: 2F 0-2: Ball 1-2: Strikes out swinging
|
|
Batting: SHB Josh Vaill
|
0-0: Foul Ball, location: 2F 0-1: Ball 1-1: Fielders Choice at 2nd, 4-6 (Groundball, 34, EV 92.5 MPH) Ramon Vega to third
|
|
Batting: RHB Eddie Perry
|
0-0: Ball 1-0: Ball 2-0: Called Strike 2-1: Ground out 1-3 (Groundball, 13S, EV 68.8 MPH)
|
| Bottom of the 2nd over - 0 runs, 0 hits, 0 errors, 2 left on base; Hartford 1 - Great Lakes 1 |
| TOP OF THE 3RD |
|
Hartford Yard Goats batting - Pitching for Great Lakes Loons : RHP Oscar Andrade
|
|
Batting: RHB Ray Insley
|
0-0: Ball 1-0: Swinging Strike 1-1: Foul Ball, location: 2F 1-2: Fly out, F6 (Popup, 6M, EV 59.4 MPH)
|
|
Batting: RHB Dwane Reed
|
0-0: Fly out, F7 (Flyball, 7, EV 83.1 MPH)
|
|
Batting: RHB Chris Osting
|
0-0: Ball 1-0: Ball 2-0: Foul Ball, location: 2F 2-1: Ball 3-1: Swinging Strike 3-2: Ground out 5-3 (Groundball, 56, EV 82.5 MPH)
|
| Top of the 3rd over - 0 runs, 0 hits, 0 errors, 0 left on base; Hartford 1 - Great Lakes 1 |
| BOTTOM OF THE 3RD |
|
Great Lakes Loons batting - Pitching for Hartford Yard Goats : RHP Chu-ho Yi
|
|
Batting: RHB Alex Melgoza
|
0-0: SINGLE (Groundball, 6D, EV 109.4 MPH)
|
|
Batting: RHB Aaron Joseph
|
0-0: Ball 1-0: Called Strike 1-1: Ball 2-1: Ball 3-1: Called Strike 3-2: Ground out 6-3 (Groundball, 4MS, EV 73.1 MPH) Alex Melgoza to second
|
|
Batting: RHB Mike Kaczor
|
0-0: Called Strike 0-1: 2-RUN HOME RUN (Flyball, 7LD, EV 94.4 MPH), Distance : 361 ft
|
|
Batting: SHB Hank Arias
|
0-0: Foul Ball, location: 2F 0-1: SOLO HOME RUN (Flyball, 78XD, EV 107.5 MPH), Distance : 407 ft
|
|
Batting: LHB Ramon Vega
|
0-0: Ball 1-0: Ball 2-0: Ground out 6-3 (Groundball, 6, EV 102.5 MPH)
|
|
Batting: RHB Ingidayehu Lagat
|
0-0: Ball 1-0: Fly out, F8 (Flyball, 8RD, EV 97.5 MPH)
|
| Bottom of the 3rd over - 3 runs, 3 hits, 0 errors, 0 left on base; Hartford 1 - Great Lakes 4 |
| TOP OF THE 4TH |
|
Hartford Yard Goats batting - Pitching for Great Lakes Loons : RHP Oscar Andrade
|
|
Batting: RHB Andy Rayer
|
0-0: Called Strike 0-1: Ground out 6-3 (Groundball, 56D, EV 106.9 MPH)
|
|
Batting: SHB Ken Griffey IV
|
0-0: Swinging Strike 0-1: Ground out 5-3 (Groundball, 56, EV 106.2 MPH)
|
|
Batting: RHB John Stevenson
|
0-0: Ball 1-0: Ball 2-0: Called Strike 2-1: Foul Ball, location: 2F 2-2: Ground out 5-3 (Groundball, 5, EV 100.6 MPH)
|
| Top of the 4th over - 0 runs, 0 hits, 0 errors, 0 left on base; Hartford 1 - Great Lakes 4 |
| BOTTOM OF THE 4TH |
|
Great Lakes Loons batting - Pitching for Hartford Yard Goats : RHP Chu-ho Yi
|
|
Batting: RHB Pablo Lopez
|
0-0: Called Strike 0-1: Foul Ball, location: 2F 0-2: Ball 1-2: Ball 2-2: Ball 3-2: Foul Ball, location: 2F 3-2: Ground out 1-3 (Groundball, 15S, EV 72.5 MPH)
|
|
Batting: SHB Josh Vaill
|
0-0: Called Strike 0-1: SOLO HOME RUN (Flyball, 9D, EV 98.8 MPH), Distance : 384 ft
|
|
Pitching: RHP Jim Crooks
|
|
|
Batting: RHB Eddie Perry
|
0-0: Ball 1-0: Called Strike 1-1: Ball 2-1: Swinging Strike 2-2: Foul Ball, location: 2F 2-2: Strikes out looking
|
|
Batting: RHB Alex Melgoza
|
0-0: Called Strike 0-1: Foul Ball, location: 2F 0-2: Foul Ball, location: 2F 0-2: Fly out, F9 (Line Drive, 9, EV 94.4 MPH)
|
| Bottom of the 4th over - 1 run, 1 hit, 0 errors, 0 left on base; Hartford 1 - Great Lakes 5 |
| TOP OF THE 5TH |
|
Hartford Yard Goats batting - Pitching for Great Lakes Loons : RHP Oscar Andrade
|
|
Batting: LHB Harry Folsom
|
0-0: Called Strike 0-1: Ball 1-1: Ball 2-1: Foul Ball, location: 2F 2-2: Ground out 4-3 (Groundball, 34D, EV 100.0 MPH)
|
|
Batting: SHB Brad Madden
|
0-0: Ground out 4-3 (Groundball, 34D, EV 100.6 MPH)
|
|
Batting: RHB Bryce Hickman
|
0-0: Ball 1-0: Ball 2-0: Ball 3-0: Base on Balls
|
|
Batting: RHB Ray Insley
|
0-0: Ball 1-0: Called Strike 1-1: DOUBLE (Line Drive, 9LD, EV 107.5 MPH) Bryce Hickman to third Runner from 3rd tries for Home, SAFE, throw by RF to trailing runner, SAFE at third!
|
|
Batting: RHB Dwane Reed
|
0-0: Swinging Strike 0-1: Ball 1-1: Ball 2-1: Ball 3-1: Base on Balls
|
|
Batting: RHB Chris Osting
|
0-0: Called Strike 0-1: Called Strike 0-2: Ball 1-2: Ball 2-2: Ball 3-2: Foul Ball, location: 2F 3-2: Foul Ball, location: 2F 3-2: Base on Balls Dwane Reed to second
|
|
Batting: RHB Andy Rayer
|
0-0: Ball 1-0: Ball 2-0: Ball 3-0: Called Strike 3-1: Called Strike 3-2: Ground out 6-3 (Groundball, 6D, EV 84.4 MPH)
|
| Top of the 5th over - 1 run, 1 hit, 0 errors, 3 left on base; Hartford 2 - Great Lakes 5 |
| BOTTOM OF THE 5TH |
|
Great Lakes Loons batting - Pitching for Hartford Yard Goats : RHP Jim Crooks
|
|
Batting: RHB Aaron Joseph
|
0-0: Foul Ball, location: 2F 0-1: Foul Ball, location: 2F 0-2: Foul Ball, location: 2F 0-2: Ball 1-2: Ball 2-2: Foul Ball, location: 2F 2-2: DOUBLE (Line Drive, 78XD, EV 99.4 MPH)
|
|
Batting: RHB Mike Kaczor
|
0-0: Ball 1-0: Ball 2-0: Ball 3-0: Called Strike 3-1: Ground out 5-3 (Groundball, 56S, EV 61.9 MPH) Aaron Joseph to third
|
|
Batting: SHB Hank Arias
|
0-0: Ball 1-0: Ground out 5-3 (Groundball, 56, EV 103.1 MPH) Aaron Joseph scores
|
|
Batting: LHB Ramon Vega
|
0-0: Ball 1-0: Ground out 6-3 (Groundball, 6, EV 94.4 MPH)
|
| Bottom of the 5th over - 1 run, 1 hit, 0 errors, 0 left on base; Hartford 2 - Great Lakes 6 |
| TOP OF THE 6TH |
|
Hartford Yard Goats batting - Pitching for Great Lakes Loons : RHP Oscar Andrade
|
|
Batting: SHB Ken Griffey IV
|
0-0: Ball 1-0: Fly out, F9 (Flyball, 89S, EV 85.6 MPH)
|
|
Batting: RHB John Stevenson
|
0-0: Ball 1-0: Foul Ball, location: 2F 1-1: Ground out 6-3 (Groundball, 6, EV 87.5 MPH)
|
|
Batting: LHB Harry Folsom
|
0-0: Called Strike 0-1: Ground out 5-3 (Groundball, 6, EV 93.1 MPH)
|
| Top of the 6th over - 0 runs, 0 hits, 0 errors, 0 left on base; Hartford 2 - Great Lakes 6 |
| BOTTOM OF THE 6TH |
|
Great Lakes Loons batting - Pitching for Hartford Yard Goats : RHP Jim Crooks
|
|
Batting: RHB Ingidayehu Lagat
|
0-0: Swinging Strike 0-1: Ball 1-1: Foul Ball, location: 2F 1-2: Ball 2-2: Foul Ball, location: 2F 2-2: DOUBLE (Line Drive, 89XD, EV 114.4 MPH)
|
|
Batting: RHB Pablo Lopez
|
0-0: Called Strike 0-1: Ball 1-1: Ball 2-1: Ball 3-1: Ground out 6-3 (Groundball, 56, EV 103.8 MPH)
|
|
Batting: SHB Josh Vaill
|
0-0: Foul Ball, location: 2F 0-1: Ball 1-1: Ball 2-1: SINGLE (Groundball, 3D, EV 94.4 MPH) Ingidayehu Lagat to third Runner from 3rd tries for Home, SAFE, throw by RF to home
|
|
Batting: RHB Eddie Perry
|
0-0: Called Strike 0-1: Ball 1-1: SINGLE (Groundball, 56D, EV 103.8 MPH) Josh Vaill to second
|
|
Pitching: RHP Gorgonio Sigua
|
|
|
Batting: RHB Alex Melgoza
|
0-0: Ball 1-0: Ball 2-0: Called Strike 2-1: Fly out, F9 (Flyball, 89S, EV 87.5 MPH)
|
|
Batting: RHB Aaron Joseph
|
0-0: Ball 1-0: Fly out, F9 (Line Drive, 9, EV 94.4 MPH)
|
| Bottom of the 6th over - 1 run, 3 hits, 0 errors, 2 left on base; Hartford 2 - Great Lakes 7 |
| TOP OF THE 7TH |
|
Hartford Yard Goats batting - Pitching for Great Lakes Loons : RHP Oscar Andrade
|
|
Batting: SHB Brad Madden
|
0-0: Foul Ball, location: 2F 0-1: Ball 1-1: Foul Ball, location: 2F 1-2: Ball 2-2: Ground out 3-1 (Groundball, 34, EV 103.8 MPH)
|
|
Batting: RHB Bryce Hickman
|
0-0: Ball 1-0: Foul Ball, location: 2F 1-1: SINGLE (Groundball, 6MD, EV 104.4 MPH)
|
|
Pitching: RHP Steve Pierson
|
|
|
Batting: RHB Ray Insley
|
0-0: Ball 1-0: Ball 2-0: Ball 3-0: Called Strike 3-1: Called Strike 3-2: Base on Balls Bryce Hickman to second
|
|
Batting: RHB Dwane Reed
|
0-0: Foul Ball, location: 2F 0-1: Fly out, F7 (Flyball, 78S, EV 93.8 MPH)
|
|
Batting: RHB Chris Osting
|
0-0: Ball 1-0: Called Strike 1-1: Foul Ball, location: 2F 1-2: Ball 2-2: Strikes out swinging
|
| Top of the 7th over - 0 runs, 1 hit, 0 errors, 2 left on base; Hartford 2 - Great Lakes 7 |
| BOTTOM OF THE 7TH |
|
Great Lakes Loons batting - Pitching for Hartford Yard Goats : RHP Gorgonio Sigua
|
|
Batting: RHB Mike Kaczor
|
0-0: Called Strike 0-1: Foul Ball, location: 2F 0-2: Ground out 4-3 (Groundball, 4, EV 108.8 MPH)
|
|
Batting: SHB Hank Arias
|
0-0: Swinging Strike 0-1: Ball 1-1: Ball 2-1: Swinging Strike 2-2: Ball 3-2: Strikes out swinging
|
|
Batting: LHB Ramon Vega
|
0-0: Foul Ball, location: 2F 0-1: Ground out 5-3 (Groundball, 5S, EV 71.9 MPH)
|
| Bottom of the 7th over - 0 runs, 0 hits, 0 errors, 0 left on base; Hartford 2 - Great Lakes 7 |
| TOP OF THE 8TH |
|
Hartford Yard Goats batting - Pitching for Great Lakes Loons : RHP Steve Pierson
|
|
Batting: RHB Andy Rayer
|
0-0: Ball 1-0: Called Strike 1-1: Swinging Strike 1-2: Strikes out swinging
|
|
Batting: SHB Ken Griffey IV
|
0-0: Ball 1-0: Called Strike 1-1: Ball 2-1: Foul Ball, location: 2F 2-2: SINGLE (Line Drive, 7S, EV 101.9 MPH)
|
|
Batting: RHB John Stevenson
|
0-0: Grounds into double play, 4-6-3 (Groundball, 34, EV 109.4 MPH)
|
| Top of the 8th over - 0 runs, 1 hit, 0 errors, 0 left on base; Hartford 2 - Great Lakes 7 |
| BOTTOM OF THE 8TH |
|
Great Lakes Loons batting - Pitching for Hartford Yard Goats : RHP Gorgonio Sigua
|
|
Batting: RHB Ingidayehu Lagat
|
0-0: Swinging Strike 0-1: Ball 1-1: Ground out U3 (Groundball, 34, EV 100.0 MPH)
|
|
Batting: RHB Pablo Lopez
|
0-0: Called Strike 0-1: Fly out, F8 (Flyball, 8LD, EV 95.0 MPH)
|
|
Batting: SHB Josh Vaill
|
0-0: Swinging Strike 0-1: Swinging Strike 0-2: Ball 1-2: Foul Ball, location: 2F 1-2: Strikes out looking
|
| Bottom of the 8th over - 0 runs, 0 hits, 0 errors, 0 left on base; Hartford 2 - Great Lakes 7 |
| TOP OF THE 9TH |
|
Hartford Yard Goats batting - Pitching for Great Lakes Loons : RHP Steve Pierson
|
|
Batting: LHB Harry Folsom
|
0-0: TRIPLE (Flyball, 89XD, EV 87.5 MPH)
|
|
Batting: SHB Brad Madden
|
0-0: Ball 1-0: Called Strike 1-1: Ground out 1-3 (Groundball, 13S, EV 64.4 MPH)
|
|
Batting: RHB Bryce Hickman
|
0-0: Called Strike 0-1: Called Strike 0-2: Ground out 5-3 (Groundball, 5L, EV 84.4 MPH)
|
|
Batting: RHB Ray Insley
|
0-0: Foul Ball, location: 2F 0-1: Ball 1-1: Foul Ball, location: 2F 1-2: Strikes out looking
|
| Top of the 9th over - 0 runs, 1 hit, 0 errors, 1 left on base; Hartford 2 - Great Lakes 7 |
|